cohdb
Replays
Latest Replays
All Replays
Popular Replays
Top Player Replays
Match Explorer
How It Works
Community
CoH3 Stats
Reddit
Sign in to upload your games and track your stats! →
Sign in with Steam
Match 41398401
Unlisted
Match 41398401
Overview
Messages
Build Orders
End
Construct Section Command Post
Vickers Machine Gun Team
Dingo Light Scout Car
ML 3-inch Mortar Team
Infantry Section
Royal Engineer Section
Construct Platoon Command Post
Humber Armored Car
Humber Armored Car
Selects Canadian Shock Battlegroup
Selects Attacking Spirit
Selects Canadian Shock Section
Selects Incendiary Munitions
Selects Pyrotechnics
Canadian Shock Section
Royal Engineer Section
Canadian Shock Section
Construct Company Command Post
Foot Guards Section
Unlock M3 Grant Medium Tanks
Selects Churchill Crocodile Heavy Tank
Churchill Crocodile Heavy Tank
[HAN]Diederick Kastner
Dr.Lindi
headake
帝国の突撃隊
电竞大师马保国
葫芦娃之爷爷
三拳打碎我的大圣梦
Blue
0
0
Comments
sign in to comment!
No comments posted yet!